MLB
CLEVELAND INDIANS @ MINNESOTA TWINS
03/25/2068
 
TOP OF THE 1ST
Cleveland Indians batting - Pitching for Minnesota Twins : RHP Andrew Rogers
Pitching: RHP Andrew Rogers
Batting: RHB Carlos Moyano 0-0: Foul Ball, location: 2F
0-1: Ball
1-1: Foul Ball, location: 2F
1-2: Ball
2-2: SINGLE (Groundball, 5L, EV 85.0 MPH) (infield hit)
Batting: LHB Bobby Snooks 0-0: Ball
1-0: Swinging Strike
1-1: Swinging Strike
1-2: Foul Ball, location: 2F
1-2: Foul Ball, location: 2F
1-2: Strikes out looking
Batting: LHB Juan Ortiz 0-0: Ball
1-0: Foul Ball, location: 2F
1-1: Ball
2-1: Foul Ball, location: 2F
2-2: Strikes out swinging
Batting: LHB Rodolfo Barbosa 0-0: Swinging Strike
0-1: Foul Ball, location: 2F
0-2: Ball
1-2: Ball
Carlos Moyano steals 2nd base
2-2: Strikes out swinging
Top of the 1st over - 0 runs, 1 hit, 0 errors, 1 left on base; Cleveland 0 - Minnesota 0
BOTTOM OF THE 1ST
Minnesota Twins batting - Pitching for Cleveland Indians : RHP Rafael Pulido
Pitching: RHP Rafael Pulido
Batting: RHB Jason Morgan 0-0: Called Strike
0-1: Fly out, F8 (Line Drive, 8LD, EV 91.9 MPH)
Batting: RHB Gianni van Buren 0-0: Foul Ball, location: 2F
0-1: Called Strike
0-2: Ball
1-2: Fly out, F8 (Flyball, 8RS, EV 87.5 MPH)
Batting: LHB Jose Castro 0-0: Ground out U3 (Groundball, 3, EV 83.1 MPH)
Bottom of the 1st over - 0 runs, 0 hits, 0 errors, 0 left on base; Cleveland 0 - Minnesota 0
TOP OF THE 2ND
Cleveland Indians batting - Pitching for Minnesota Twins : RHP Andrew Rogers
Batting: SHB Matt Slay 0-0: Foul Ball, location: 2F
0-1: Called Strike
0-2: Fly out, F6 (Popup, 6MD, EV 45.6 MPH)
Batting: LHB Jeff Franklin 0-0: Ground out U3 (Groundball, 3L, EV 78.8 MPH)
Batting: LHB Sean Skinner 0-0: Swinging Strike
0-1: Foul Ball, location: 2F
0-2: Ball
1-2: Strikes out swinging
Top of the 2nd over - 0 runs, 0 hits, 0 errors, 0 left on base; Cleveland 0 - Minnesota 0
BOTTOM OF THE 2ND
Minnesota Twins batting - Pitching for Cleveland Indians : RHP Rafael Pulido
Batting: RHB Bill Larsen 0-0: Reached on error, E5 (Groundball, 56, EV 103.1 MPH)
Batting: RHB William Ortiz 0-0: Called Strike
0-1: Fly out, F8 (Line Drive, 8LM, EV 93.8 MPH)
Batting: LHB Jarrod Albright 0-0: Ball
1-0: Ball
2-0: Ball
3-0: Base on Balls
Batting: SHB Alex Perez 0-0: Fly out, F9 (Flyball, 9LS, EV 85.6 MPH)
Batting: LHB Phil Bailey 0-0: Foul Ball, location: 2F
0-1: Ball
1-1: Ball
2-1: Foul Ball, location: 2F
2-2: Foul Ball, location: 2F
2-2: Ball
3-2: Base on Balls
Bill Larsen to third
Jarrod Albright to second
Batting: RHB Vicente Pastor 0-0: Ball
1-0: SINGLE (Groundball, 34D, EV 100.0 MPH)
Bill Larsen scores
Jarrod Albright to third
Phil Bailey to second
Runner from 3rd tries for Home, throw by RF and OUT! 9-2
Bottom of the 2nd over - 1 run, 1 hit, 1 error, 2 left on base; Cleveland 0 - Minnesota 1
TOP OF THE 3RD
Cleveland Indians batting - Pitching for Minnesota Twins : RHP Andrew Rogers
Batting: RHB Roberto Lopes 0-0: Called Strike
0-1: Ball
1-1: Fly out, F1 (Popup, P, EV 86.2 MPH)
Batting: RHB Omar Saavedra 0-0: Called Strike
0-1: Swinging Strike
0-2: Ball
1-2: Strikes out swinging, 2-3 out at first.
Batting: RHB Carlos Moyano 0-0: Called Strike
0-1: Ball
1-1: Foul Ball, location: 2F
1-2: Ground out 6-3 (Groundball, 6MD, EV 107.5 MPH)
Top of the 3rd over - 0 runs, 0 hits, 0 errors, 0 left on base; Cleveland 0 - Minnesota 1
BOTTOM OF THE 3RD
Minnesota Twins batting - Pitching for Cleveland Indians : RHP Rafael Pulido
Batting: RHB Jason Morgan 0-0: SINGLE (Line Drive, 56D, EV 95.6 MPH)
Batting: RHB Gianni van Buren 0-0: Called Strike
0-1: Ball
1-1: Foul Ball, location: 2F
1-2: Ball
2-2: Ball
3-2: Foul Ball, location: 2F
3-2: 2-RUN HOME RUN (Flyball, 7LD, EV 99.4 MPH), Distance : 377 ft
Batting: LHB Jose Castro 0-0: Swinging Strike
0-1: Foul Ball, location: 2F
0-2: DOUBLE (Line Drive, 7LM, EV 90.0 MPH)
Batting: RHB Bill Larsen 0-0: Ball
1-0: Foul Ball, location: 2F
1-1: Foul Ball, location: 2F
1-2: Strikes out swinging
Pitching: RHP Ben Margolis
Batting: RHB William Ortiz 0-0: SINGLE (Line Drive, 8LS, EV 108.1 MPH)
Jose Castro to third
Batting: LHB Jarrod Albright 0-0: Ball
1-0: Ball
2-0: Foul Ball, location: 2F
2-1: Foul Ball, location: 2F
2-2: Foul Ball, location: 2F
2-2: Ball
3-2: Fly out, F7 (Flyball, 7LM, EV 98.8 MPH)
Runner from 3rd tags up, SCORES, throw by LF
Batting: SHB Alex Perez 0-0: Ball
1-0: Called Strike
1-1: Swinging Strike
1-2: Strikes out swinging
Bottom of the 3rd over - 3 runs, 4 hits, 0 errors, 1 left on base; Cleveland 0 - Minnesota 4
TOP OF THE 4TH
Cleveland Indians batting - Pitching for Minnesota Twins : RHP Andrew Rogers
Pitching: RHP Alex Arellano
Batting: LHB Bobby Snooks 0-0: SOLO HOME RUN (Flyball, 89XD, EV 107.5 MPH), Distance : 439 ft
Batting: LHB Juan Ortiz 0-0: Swinging Strike
0-1: Ball
1-1: Ball
2-1: Foul Ball, location: 2F
2-2: Foul Ball, location: 2F
2-2: Foul Ball, location: 2F
2-2: Strikes out looking
Batting: LHB Rodolfo Barbosa 0-0: Ball
1-0: Foul Ball, location: 2F
1-1: Ball
2-1: Fly out, F8 (Flyball, 78D, EV 100.0 MPH)
Batting: SHB Matt Slay 0-0: Foul Ball, location: 2F
0-1: Ball
1-1: Ball
2-1: Foul Ball, location: 2F
2-2: Ball
3-2: Fly out, F6 (Popup, 6, EV 67.5 MPH)
Top of the 4th over - 1 run, 1 hit, 0 errors, 0 left on base; Cleveland 1 - Minnesota 4
BOTTOM OF THE 4TH
Minnesota Twins batting - Pitching for Cleveland Indians : RHP Ben Margolis
Batting: LHB Phil Bailey 0-0: Ball
1-0: Ball
2-0: Ground out 4-3 (Groundball, 4, EV 101.9 MPH)
Batting: RHB Vicente Pastor 0-0: Ground out 5-3 (Groundball, 5S, EV 88.1 MPH)
Batting: RHB Jason Morgan 0-0: Called Strike
0-1: Fly out, F8 (Line Drive, 8LM, EV 91.2 MPH)
Bottom of the 4th over - 0 runs, 0 hits, 0 errors, 0 left on base; Cleveland 1 - Minnesota 4
TOP OF THE 5TH
Cleveland Indians batting - Pitching for Minnesota Twins : RHP Alex Arellano
Batting: LHB Jeff Franklin 0-0: Ball
1-0: Ball
2-0: Called Strike
2-1: Foul Ball, location: 2F
2-2: Strikes out swinging
Batting: LHB Sean Skinner 0-0: Ball
1-0: Called Strike
1-1: Ball
2-1: Swinging Strike
2-2: Strikes out swinging
Batting: RHB Roberto Lopes 0-0: Called Strike
0-1: Fly out, F6 (Popup, 6MS, EV 76.9 MPH)
Top of the 5th over - 0 runs, 0 hits, 0 errors, 0 left on base; Cleveland 1 - Minnesota 4
BOTTOM OF THE 5TH
Minnesota Twins batting - Pitching for Cleveland Indians : RHP Ben Margolis
Batting: RHB Gianni van Buren 0-0: Called Strike
0-1: Ball
1-1: Ball
2-1: Foul Ball, location: 2F
2-2: Ground out 5-3 (Groundball, 56S, EV 83.8 MPH)
Batting: LHB Jose Castro 0-0: Called Strike
0-1: Fly out, F8 (Flyball, 8RXD, EV 105.0 MPH)
Batting: RHB Bill Larsen 0-0: Called Strike
0-1: Ground out 4-3 (Groundball, 4, EV 98.1 MPH)
Bottom of the 5th over - 0 runs, 0 hits, 0 errors, 0 left on base; Cleveland 1 - Minnesota 4
TOP OF THE 6TH
Cleveland Indians batting - Pitching for Minnesota Twins : RHP Alex Arellano
Batting: RHB Omar Saavedra 0-0: Swinging Strike
0-1: Foul Ball, location: 2F
0-2: Strikes out swinging
Batting: RHB Carlos Moyano 0-0: Ball
1-0: Ball
2-0: Ball
3-0: Fly out, F8 (Line Drive, 8LM, EV 110.6 MPH)
Batting: LHB Bobby Snooks 0-0: Swinging Strike
0-1: Foul Ball, location: 2F
0-2: Strikes out swinging
Top of the 6th over - 0 runs, 0 hits, 0 errors, 0 left on base; Cleveland 1 - Minnesota 4
BOTTOM OF THE 6TH
Minnesota Twins batting - Pitching for Cleveland Indians : RHP Ben Margolis
Batting: RHB William Ortiz 0-0: Ball
1-0: Fly out, F5 (Line Drive, 5, EV 75.0 MPH)
Batting: LHB Jarrod Albright 0-0: Ball
1-0: Foul Ball, location: 2F
1-1: Swinging Strike
1-2: Ball
2-2: Foul Ball, location: 2F
2-2: Strikes out looking
Batting: SHB Alex Perez 0-0: Ball
1-0: Called Strike
1-1: Ball
2-1: Ground out U3 (Groundball, 3, EV 90.6 MPH)
Bottom of the 6th over - 0 runs, 0 hits, 0 errors, 0 left on base; Cleveland 1 - Minnesota 4
TOP OF THE 7TH
Cleveland Indians batting - Pitching for Minnesota Twins : RHP Alex Arellano
Pitching: LHP Jerry Clemente
Batting: LHB Juan Ortiz 0-0: Foul Ball, location: 2F
0-1: Ball
1-1: Foul Ball, location: 2F
1-2: Ball
2-2: Foul Ball, location: 2F
2-2: Strikes out swinging
Batting: RHB Jason LaCroix 0-0: Foul Ball, location: 2F
0-1: Ball
1-1: Swinging Strike
1-2: Strikes out swinging
Batting: SHB Matt Slay 0-0: Ball
1-0: Foul Ball, location: 2F
1-1: Foul Ball, location: 2F
1-2: Foul Ball, location: 2F
1-2: Foul Ball, location: 2F
1-2: Ball
2-2: Strikes out swinging
Top of the 7th over - 0 runs, 0 hits, 0 errors, 0 left on base; Cleveland 1 - Minnesota 4
BOTTOM OF THE 7TH
Minnesota Twins batting - Pitching for Cleveland Indians : RHP Ben Margolis
Pitching: RHP Josh McKinney
Batting: LHB Phil Bailey 0-0: Ball
1-0: Foul Ball, location: 2F
1-1: Fly out, F9 (Line Drive, 9, EV 91.9 MPH)
Batting: RHB Vicente Pastor 0-0: Ball
1-0: Ball
2-0: Called Strike
2-1: Swinging Strike
2-2: Ball
3-2: Strikes out swinging
Batting: LHB Cory Webb 0-0: Swinging Strike
0-1: Fly out, F6 (Popup, 6, EV 77.5 MPH)
Bottom of the 7th over - 0 runs, 0 hits, 0 errors, 0 left on base; Cleveland 1 - Minnesota 4
TOP OF THE 8TH
Cleveland Indians batting - Pitching for Minnesota Twins : LHP Jerry Clemente
Batting: LHB Jeff Franklin 0-0: Called Strike
0-1: Called Strike
0-2: Fly out, F8 (Flyball, 8RM, EV 80.0 MPH)
Batting: LHB Sean Skinner 0-0: Ball
1-0: Ball
2-0: SINGLE (Line Drive, 9S, EV 88.8 MPH)
Batting: RHB Roberto Lopes 0-0: Ball
1-0: Foul Ball, location: 2F
1-1: Swinging Strike
1-2: Ball
2-2: Ball
3-2: Foul Ball, location: 2F
3-2: Strikes out looking
Batting: RHB Omar Saavedra 0-0: 2-RUN HOME RUN (Flyball, 7D, EV 110.0 MPH), Distance : 429 ft
Pinch Hitting: RHB Mitch Odom 0-0: Called Strike
0-1: Ball
1-1: Called Strike
1-2: Ball
2-2: Foul Ball, location: 2F
2-2: Ball
3-2: Base on Balls
Pinch Hitting: RHB Brian Hollinger 0-0: Ball
1-0: Reached on error, E4 (Popup, 4, EV 58.1 MPH)
Mitch Odom to second
Pinch Hitting: SHB Matt Montagna 0-0: Called Strike
0-1: Ball
1-1: Called Strike
1-2: Strikes out swinging
Top of the 8th over - 2 runs, 2 hits, 1 error, 2 left on base; Cleveland 3 - Minnesota 4
BOTTOM OF THE 8TH
Minnesota Twins batting - Pitching for Cleveland Indians : RHP Josh McKinney
Now at 1B: Matt Montagna
Now in LF: Mitch Odom
Now in CF: Brian Hollinger
Pinch Hitting: RHB Franklin Martinez 0-0: Called Strike
0-1: Ball
1-1: Ball
2-1: Foul Ball, location: 2F
2-2: Foul Ball, location: 2F
2-2: Strikes out looking
Pinch Hitting: RHB Terry Jones 0-0: Ball
1-0: Ball
2-0: Fly out, F7 (Flyball, 7D, EV 99.4 MPH)
Batting: RHB Bill Larsen 0-0: Ball
1-0: Ball
2-0: Foul Ball, location: 2F
2-1: Ground out 6-3 (Groundball, 6, EV 83.8 MPH)
Bottom of the 8th over - 0 runs, 0 hits, 0 errors, 0 left on base; Cleveland 3 - Minnesota 4
TOP OF THE 9TH
Cleveland Indians batting - Pitching for Minnesota Twins : LHP Jerry Clemente
Pitching: RHP Joe Rushing
Now at 3B: Eric Dalton
Now in LF: Franklin Martinez
Now in RF: Terry Jones
Batting: RHB Jason LaCroix 0-0: Ball
1-0: Ball
2-0: Called Strike
2-1: Ball
3-1: Base on Balls
Pinch Hitting: RHB Adam Gordan 0-0: Grounds into double play, 3-6-1 (Groundball, 3S, EV 83.1 MPH)
Pinch Hitting: RHB Mike Hodge 0-0: Swinging Strike
0-1: Ball
1-1: Ball
2-1: Foul Ball, location: 2F
2-2: SINGLE (Groundball, 13, EV 90.0 MPH) (infield hit)
Pinch Hitting: RHB Bobby Cordner 0-0: Ball
1-0: Ball
2-0: Foul Ball, location: 2F
2-1: Ball
3-1: Swinging Strike
3-2: Strikes out looking
Top of the 9th over - 0 runs, 1 hit, 0 errors, 1 left on base; Cleveland 3 - Minnesota 4
Sunday, June 6th , 2021 - OOTP Baseball 22.5 Build 54